 Dungeon Crawl Stone Soup version 0.19-a0-993-g3130bb9 (webtiles) character file.

136347 AlphabetPasta the Lord of Darkness (level 16, -16/148 HPs)
             Began as a Deep Dwarf Wizard on July 12, 2016.
             Was the Champion of Kikubaaqudgha.
             Killed from afar by a fire dragon (23 damage)
             ... with a blast of flame
             ... on level 1 of the Depths on July 15, 2016.
             The game lasted 06:22:51 (61133 turns).

AlphabetPasta the Lord of Darkness (DDWz)          Turns: 61133, Time: 06:22:52

Health: -16/148    AC: 17    Str: 21    XL:     16   Next: 66%
Magic:  9/30       EV: 16    Int: 25    God:    Kikubaaqudgha [******]
Gold:   2234       SH:  3    Dex: 11    Spells: 10 memorised, 5 levels left

rFire  . . .     SeeInvis .     A - +2 mace (protect)
rCold  + . .     Gourm    .     W - +2 robe {rC+ rF+}
rNeg   + . .     Faith    .     (no shield)
rPois  .         Spirit   .     h - +0 helmet
rElec  +         Dismiss  .     y - +0 cloak
rCorr  .         Reflect  +     p - +1 pair of gloves
SustAt .         Harm     .     d - +0 pair of boots
MR     +++..                    m - amulet "Neeclyira" {Reflect rElec rF- MR+ Str+9 SH+3}
Stlth  ++........               Y - +3 ring of protection
                                j - ring of wizardry

@: non-regenerating, studying Air Magic, repel missiles, extremely resistant to
hostile enchantments, unstealthy
A: damage resistance, recharge devices, negative energy resistance 1, sense
surroundings 3, slow regeneration 3
a: Device Recharging, Receive Corpses, Torment, Renounce Religion


You were on level 1 of the Depths.
You worshipped Kikubaaqudgha.
Kikubaaqudgha was exalted by your worship.
You were not hungry.

You visited 7 branches of the dungeon, and saw 29 of its levels.

You collected 2514 gold pieces.
You spent 280 gold pieces at shops.

Inventory:

Hand Weapons
 A - a +2 mace of protection (weapon)
 U - a +2 morningstar of freezing
 X - a +2 eveningstar of holy wrath
 Z - the +6 war axe "Goblinslayer" {freeze, MR- Str+3 Dex+3}
   (You took it off a death knight on level 12 of the Dungeon)

   It has been specially enchanted to freeze those struck by it, causing extra
   injury to most foes and up to half again as much damage against particularly
   susceptible opponents.
   It can also slow down cold-blooded creatures.
   It affects your strength (+3).
   It affects your dexterity (+3).
   It affects your resistance to hostile enchantments.
Armour
 d - a +0 pair of boots (worn)
 h - a +0 helmet (worn)
 k - a +2 robe of magic resistance
 p - a +1 pair of gloves (worn)
 y - a +0 cloak (worn)
 Q - a +1 pair of boots of stealth
 W - a +2 robe of resistance (worn)
Magical Staves
 b - an uncursed staff of air
Jewellery
 c - an uncursed ring of protection from fire
 j - a ring of wizardry (left hand)
 m - the amulet "Neeclyira" (around neck) {Reflect rElec rF- MR+ Str+9 SH+3}
   (You found it on level 4 of the Dungeon)

   [amulet of reflection]

   It shields you and reflects attacks.
   It affects your strength (+9).
   It makes you vulnerable to fire.
   It insulates you from electricity.
   It affects your resistance to hostile enchantments.
   It affects your SH (+3).
 Y - a +3 ring of protection (right hand)
Wands
 u - a wand of teleportation (1/9)
 z - a wand of disintegration (0/24)
 I - a wand of acid (0/15)
 L - a wand of slowing (23/48)
 N - a wand of heal wounds (5/9)
 O - a wand of paralysis (0/24)
Scrolls
 a - 3 scrolls of enchant armour
 n - 10 scrolls of remove curse
 q - 5 scrolls of fear
 t - a scroll of holy word
 w - 5 scrolls of enchant weapon
 D - a scroll of recharging
 E - a scroll of fog
 F - 4 scrolls of amnesia
 G - 3 scrolls of magic mapping
 J - 4 scrolls of blinking
 R - 10 scrolls of identify
Potions
 g - 2 potions of agility
 i - a potion of haste
 l - 4 potions of flight
 o - 3 potions of cure mutation
 v - 3 potions of cancellation
 x - 2 potions of resistance
 C - 4 potions of curing
 M - a potion of might
 P - a potion of invisibility
 T - 2 potions of brilliance
Books
 r - a Necronomicon

   Spells                             Type                      Level
   a - Haunt                          Necromancy/Summoning         7
   b - Borgnjor's Revivification      Necromancy                   8
   c - Death's Door                   Charms/Necromancy            8
   d - Infestation                    Necromancy                   8
   e - Necromutation                  Transmutation/Necromancy     8
 B - a manual of Air Magic
 V - a book of the Tempests

   Spells                             Type                      Level
   a - Static Discharge               Conjuration/Air              3
   b - Lightning Bolt                 Conjuration/Air              5
   c - Fireball                       Conjuration/Fire             5
   d - Tornado                        Air                          9
   e - Shatter                        Earth                        9
Miscellaneous
 H - a phial of floods
 K - a disc of storms
Comestibles
 f - 15 bread rations
 s - 5 slices of pizza
 S - 5 meat rations


   Skills:
 + Level 10.8 Fighting
 - Level 5.6 Maces & Flails
 - Level 7.9 Dodging
 - Level 2.4 Stealth
 + Level 11.6 Spellcasting
 + Level 12.0 Conjurations
 - Level 3.0 Charms
   Level 0.8 Summonings
 + Level 14.7 Necromancy
 - Level 1.1 Translocations
 + Level 6.8 Transmutations
 + Level 5.9 Air Magic
 - Level 9.1 Earth Magic
 - Level 9.1 Evocations


You had 5 spell levels left.
You knew the following spells:

 Your Spells              Type           Power        Failure   Level  Hunger
a - Magic Dart            Conj           ####         1%          1    None
b - Blink                 Tloc           N/A          1%          2    None
c - Vampiric Draining     Necr           ######....   1%          3    None
d - Repel Missiles        Chrm/Air       #####.       1%          2    None
e - Bolt of Draining      Conj/Necr      ######....   1%          5    ###....
f - Dispel Undead         Necr           ######..     1%          5    ###....
g - Throw Icicle          Conj/Ice       #####...     1%          4    None
h - Passwall              Tmut/Erth      ######....   1%          2    None
i - Lee's Rapid Deconstr  Erth           ######....   1%          5    ###....
j - Petrify               Tmut/Erth      ######..     1%          4    None


Dungeon Overview and Level Annotations

Branches:
Dungeon (15/15)            Temple (1/1) D:6            Lair (6/6) D:8
 Shoals (3/4) Lair:3       Spider (1/4) Lair:4        Slime (0/5) Lair:5
    Orc (2/2) D:11            Elf (0/3) Orc:2        Vaults (0/5) D:14
 Depths (1/5) D:15

Altars:
Ashenzari
Cheibriados
Dithmenos
Elyvilon
Fedhas
Gozag
Hepliaklqana
Kikubaaqudgha
Makhleb
Nemelex Xobeh
Okawaru
Pakellas
Qazlal
Ru
Sif Muna
Trog
Uskayaw
Vehumet
Xom
Yredelemnul
Zin
The Shining One
Beogh

Shops:
D:10 %   Orc:2 [}!:*

Annotations:
D:4 Edmund
D:11 4 runed doors
Shoals:3 Nikola, Polyphemus


Innate Abilities, Weirdness & Mutations

You are resistant to damage.
You can recharge devices by infusing magical energy.
You resist negative energy. (rN+)
You passively map a large area around you.
You do not regenerate naturally.


Message History

Press: ? - help, Shift-Dir - straight line, f - fire dragon
Aim: a fire dragon The bolt of negative energy hits the fire dragon.
The fire dragon is drained!
The fire dragon is moderately wounded.
The fire dragon breathes flames at you. The blast of flame hits you!
* * * LOW HITPOINT WARNING * * *
Casting: Bolt of Draining
Confirm with . or Enter, or press ? or * to list all spells.
Aiming: Bolt of Draining
Press: ? - help, Shift-Dir - straight line, f/p - fire dragon
Aim: a fire dragon (moderately wounded, catching its breath, lightly drained)
The bolt of negative energy hits the fire dragon.
The fire dragon is drained!
The fire dragon is heavily wounded.
The fire dragon breathes flames at you. The blast of flame hits you!
You die...
Kikubaaqudgha rasps: "You have failed me!
Welcome... death!"

#.......#....#, ,,
#.......#....#,...# ,, *
#.......#....# ...# ,
#.......#....#....# , , *
##...>...######....# ** , ,
..................... ,
..............D...... * ,
.....................,
.............@.......,
*###.......##############
### ,
,#..............#.....#....
,
,,#..............#.....#....
* #.........[....#.....'....
,,,#.......88.[...#.....#,
,* #...^...8..[.#.###..## ,
** , #.......88u).#.###..# *
* * , #.......)?..........#
,,


You could see a fire dragon.

Vanquished Creatures
  Rupert (Lair:3)
  A storm dragon (D:14)
  Donald (Orc:2)
  A frost giant (Shoals:2)
  A dire elephant (Lair:6)
  A merfolk javelineer (Shoals:1)
  An ettin (Depths:1)
  A merfolk impaler (Shoals:2)
  A fire dragon (D:15)
  2 ogre magi (Orc:2)
  The ghost of Haruko the Fighter, a journeyman DrAK of Lugonu (D:11)
  The ghost of Kaishin the Transmogrifier, a journeyman DrTm of Gozag (Lair:2)
  3 vault guards (D:14)
  An ice dragon (D:15)
  8 hydras
  Erica (D:11)
  A catoblepas (D:13)
  An alligator snapping turtle (Shoals:2)
  7 centaur warriors
  A merfolk avatar (Shoals:1)
  A satyr (Shoals:2)
  2 death knights (D:12)
  A merfolk aquamancer (Shoals:2)
  A death yak (Lair:6)
  2 tengu warriors
  Nergalle (Orc:1)
  2 unseen horrors (D:13)
  4 sea snakes
  2 wizards
  A giant orange brain (shapeshifter) (D:14)
  An orange crystal statue (Depths:1)
  7 hill giants
  13 orc sorcerers
  3 orc knights
  8 harpies (Shoals:2)
  2 wolf spiders
  14 ugly things
  8 griffons
  8 fauns
  2 deep elf magi
  An orb spider (Spider:1)
  11 cyclopes
  3 manticores
  11 elephants
  2 sirens (Shoals:1)
  3 centaur zombies
  Joseph (D:9)
  A water nymph (Shoals:1)
  5 black mambas
  4 orange demons
  3 gargoyles
  5 spiny frogs
  A torpor snail (Lair:5)
  2 kobold demonologists (D:14)
  2 rime drakes
  7 komodo dragons
  2 yaktaurs (D:14)
  3 red devils (Lair:6)
  12 trolls
  A jumping spider (Lair:4)
  11 merfolk
  2 two-headed ogres
  A boulder beetle (Lair:6)
  4 raiju (D:14)
  9 slime creatures
  12 blink frogs
  A meliai zombie (D:11)
  4 snapping turtles
  3 water elementals (Shoals:2)
  5 redbacks
  A tarantella (Orc:1)
  35 yaks
  Sigmund (D:3)
  6 wraiths
  Eustachio (D:6)
  17 humans
  A steam dragon (Lair:6)
  5 basilisks
  A mottled dragon (D:12)
  15 hippogriffs
  6 vampire mosquitoes
  A hungry ghost (D:12)
  7 wargs
  Menkaure (D:6)
  20 water moccasins
  A hell hound (Lair:6)
  17 porcupines
  10 sky beasts
  3 black bears
  5 ice beasts
  29 orc warriors
  4 phantoms
  A wasp (Lair:4)
  3 boggarts (Depths:1)
  8 necrophages
  11 ogres
  An eye of draining (D:12)
  18 wolves
  26 centaurs
  4 big kobolds
  18 crocodiles
  A gnoll sergeant (D:11)
  25 giant frogs
  A wyvern zombie (D:13)
  10 scorpions
  4 killer bees (D:9)
  24 wights
  4 howler monkeys (D:8)
  A vampire bat (Lair:2)
  5 crimson imps
  A quasit (D:8)
  19 orc priests
  3 giant frog zombies
  2 human zombies (D:14)
  3 jellies
  4 hounds
  43 orc wizards
  5 centaur skeletons
  4 giant frog skeletons
  A human skeleton (D:14)
  Ijyb (D:3)
  12 iguanas
  5 hell rats
  7 worker ants
  23 sheep
  A killer bee zombie (D:6)
  A hound zombie (D:7)
  A worker ant zombie (D:6)
  Robin (D:3)
  16 gnolls
  2 howler monkey skeletons
  15 adders
  124 river rats
  2 oozes
  An adder zombie (D:8)
  4 adder skeletons
  3 worms
  4 dart slugs
  4 giant geckos
  109 orcs
  A ball python (D:5)
  6 giant cockroaches
  24 goblins
  6 hobgoblins
  14 jackals
  14 kobolds
  5 quokkas
  19 bats
  A giant gecko skeleton (D:8)
  8 giant newts
  A jackal skeleton (D:5)
  22 rats
  2 butterflies
  A fungus (Lair:4)
1148 creatures vanquished.

Vanquished Creatures (others)
  A merfolk javelineer (Shoals:2)
  A human (D:14)
  A jelly (D:7)
  An orc wizard (Orc:2)
  2 bushes
  48 fungi
  19 plants
73 creatures vanquished.

Grand Total: 1221 creatures vanquished

Notes
Turn   | Place    | Note
-------+----------+-------------------------------------------
     0 | D:1      | AlphabetPasta the Deep Dwarf Wizard began the quest for the Orb.
     0 | D:1      | Reached XP level 1. HP: 15/15 MP: 4/4
   159 | D:1      | Reached skill level 1 in Conjurations
   365 | D:1      | Reached XP level 2. HP: 20/22 MP: 0/5
   369 | D:1      | Learned a level 2 spell: Blink
  1248 | D:2      | Reached XP level 3. HP: 23/28 MP: 0/7
  1628 | D:2      | Found a hazy altar of Hepliaklqana.
  1629 | D:2      | Found an iron altar of Okawaru.
  1650 | D:2      | Found a sacrificial altar of Ru.
  1653 | D:2      | Found an ancient bone altar of Kikubaaqudgha.
  2239 | D:1      | Reached XP level 4. HP: 36/36 MP: 0/8
  3119 | D:3      | Noticed Sigmund
  3162 | D:3      | Killed Sigmund
  3162 | D:3      | Reached XP level 5. HP: 28/42 MP: 1/10
  3289 | D:3      | Reached XP level 6. HP: 29/49 MP: 0/11
  3569 | D:2      | Became a worshipper of Kikubaaqudgha
  3955 | D:3      | Noticed Ijyb
  4040 | D:3      | Killed Ijyb
  4382 | D:3      | Reached * piety under Kikubaaqudgha
  4382 | D:3      | Received a gift from Kikubaaqudgha
  4383 | D:3      | Identified Kikubaaqudgha's Reference Book on Black Arts (Kikubaaqudgha gifted it to you on level 3 of the Dungeon)
  4388 | D:3      | Learned a level 3 spell: Vampiric Draining
  4405 | D:3      | Noticed Robin
  4787 | D:3      | Killed Robin
  5063 | D:4      | Reached skill level 1 in Necromancy
  5167 | D:3      | Learned a level 1 spell: Pain
  5170 | D:4      | Reached skill level 1 in Fighting
  5514 | D:4      | Reached XP level 7. HP: 33/57 MP: 0/12
  5526 | D:4      | Reached skill level 2 in Necromancy
  5738 | D:4      | Noticed Edmund
  5887 | D:4      | Got a twitching lead amulet
  5902 | D:4      | Identified the amulet "Neeclyira" {Reflect rElec rF- MR+ Str+9 SH+3} (You found it on level 4 of the Dungeon)
  6357 | D:5      | Entered Level 5 of the Dungeon
  6390 | D:5      | Reached skill level 3 in Necromancy
  6661 | D:5      | Reached skill level 5 in Conjurations
  6661 | D:5      | Reached skill level 4 in Necromancy
  6995 | D:5      | Reached XP level 8. HP: 42/68 MP: 1/14
  7342 | D:5      | Reached skill level 5 in Necromancy
  7935 | D:5      | Found a deep blue altar of Sif Muna.
  8167 | D:6      | Noticed Eustachio
  8181 | D:6      | Killed Eustachio
  8181 | D:6      | Reached skill level 1 in Evocations
  8274 | D:6      | Reached skill level 6 in Necromancy
  8432 | D:6      | Noticed Menkaure
  8446 | D:6      | Killed Menkaure
  8578 | D:6      | Reached skill level 5 in Spellcasting
  9126 | D:6      | Found a staircase to the Ecumenical Temple.
  9134 | Temple   | Entered the Ecumenical Temple
  9457 | D:7      | Reached ** piety under Kikubaaqudgha
  9574 | D:7      | Gained mutation: You passively map the area around you. [Deep Dwarf growth]
  9574 | D:7      | Reached XP level 9. HP: 70/74 MP: 8/16
  9897 | D:7      | Noticed a hill giant
  9915 | D:7      | Killed a hill giant
  9915 | D:7      | Reached skill level 7 in Necromancy
 10263 | D:7      | Noticed a troll
 10489 | D:6      | Killed a troll
 10637 | D:7      | Gained mutation: You passively map a large area around you. [potion of beneficial mutation]
 10974 | D:6      | Reached skill level 8 in Necromancy
 11032 | D:6      | Learned a level 2 spell: Repel Missiles
 11554 | D:8      | Reached skill level 5 in Dodging
 12022 | D:8      | Reached XP level 10. HP: 80/84 MP: 3/18
 12305 | D:8      | Found a staircase to the Lair.
 12488 | D:7      | Reached skill level 5 in Evocations
 12712 | D:7      | Reached skill level 9 in Necromancy
 12847 | D:8      | Reached *** piety under Kikubaaqudgha
 12847 | D:8      | Received a gift from Kikubaaqudgha
 12850 | D:8      | Identified Kikubaaqudgha's Collected Works on Evil (Kikubaaqudgha gifted it to you on level 8 of the Dungeon)
 12860 | D:7      | Learned a level 5 spell: Bolt of Draining
 12866 | D:7      | Learned a level 5 spell: Dispel Undead
 13018 | D:8      | Found a stormy altar of Qazlal.
 13887 | D:8      | Found a burning altar of Makhleb.
 14708 | D:8      | Upgraded the game from 0.19-a0-965-g50bf062 to 0.19-a0-967-ga3cd88f
 15109 | D:9      | Reached skill level 10 in Necromancy
 15138 | D:9      | Noticed Joseph
 15152 | D:9      | Killed Joseph
 15657 | D:9      | Reached skill level 5 in Fighting
 15926 | D:9      | Reached XP level 11. HP: 90/94 MP: 9/20
 16022 | D:10     | Entered Level 10 of the Dungeon
 16466 | D:10     | Reached **** piety under Kikubaaqudgha
 16609 | D:10     | Found Gihokk's Food Boutique.
 16660 | D:10     | Found an oddly glowing altar of Pakellas.
 17064 | D:11     | Reached skill level 1 in Charms
 17774 | D:11     | Found a staircase to the Orcish Mines.
 18191 | D:11     | Noticed Erica
 18226 | D:11     | Killed Erica
 18226 | D:11     | Reached skill level 1 in Air Magic
 18448 | D:11     | Noticed a hill giant
 18684 | D:11     | Found a huge runed gate.
 18685 | D:11     | Found a huge runed gate.
 18686 | D:11     | Found a huge runed gate.
 18687 | D:11     | Found a huge runed gate.
 18755 | D:11     | Found a shadowy altar of Dithmenos.
 18833 | D:11     | Reached ***** piety under Kikubaaqudgha
 18955 | D:11     | Killed a hill giant
 19370 | D:11     | Noticed a hill giant
 19377 | D:11     | Killed a hill giant
 19537 | D:11     | Noticed a green ugly thing
 19549 | D:11     | Noticed Haruko's ghost (journeyman DrAK)
 19555 | D:11     | Killed Haruko's ghost
 19555 | D:11     | Reached skill level 1 in Maces & Flails
 19555 | D:11     | Reached skill level 11 in Necromancy
 19976 | D:12     | Noticed a death knight
 20167 | D:11     | Killed a green ugly thing
 20333 | D:12     | Reached XP level 12. HP: 103/105 MP: 8/22
 21232 | D:12     | Noticed a death knight
 21235 | D:12     | Killed a death knight
 21419 | D:12     | Noticed a five-headed hydra
 21433 | D:12     | Killed a five-headed hydra
 21533 | D:12     | Noticed a tengu warrior
 21564 | D:12     | Killed a tengu warrior
 22105 | D:12     | Killed a death knight
 22113 | D:12     | Got a crystal war axe {freeze}
 22114 | D:12     | Identified the +6 war axe "Goblinslayer" {freeze, MR- Str+3 Dex+3} (You took it off a death knight on level 12 of the Dungeon)
 22931 | Lair:1   | Entered Level 1 of the Lair of Beasts
 23761 | Lair:1   | Got a jewelled large shield
 23767 | Lair:1   | Identified the +8 large shield of the Abyss {Str+2} (You found it on level 1 of the Lair of Beasts)
 25444 | Lair:2   | Reached ****** piety under Kikubaaqudgha
 25450 | Lair:2   | Received a gift from Kikubaaqudgha
 25677 | Lair:2   | Noticed Kaishin's ghost (journeyman DrTm)
 25682 | Lair:2   | Killed Kaishin's ghost
 26712 | Lair:2   | Reached XP level 13. HP: 113/115 MP: 15/25
 27451 | Lair:3   | Reached skill level 5 in Maces & Flails
 27689 | Lair:3   | Noticed Rupert
 27695 | Lair:3   | Killed Rupert
 27766 | Lair:3   | Reached skill level 12 in Necromancy
 28028 | Lair:3   | Found a staircase to the Shoals.
 28950 | Lair:4   | Found a white marble altar of Elyvilon.
 29086 | Lair:4   | Learned a level 4 spell: Throw Icicle
 29620 | Lair:4   | Found a hole to the Spider Nest.
 32395 | Lair:5   | Found a staircase to the Slime Pits.
 33669 | Lair:5   | Upgraded the game from 0.19-a0-967-ga3cd88f to 0.19-a0-978-g9f5ef2c
 33670 | Lair:6   | Entered Level 6 of the Lair of Beasts
 33812 | Lair:5   | Reached skill level 10 in Conjurations
 34930 | Lair:6   | Learned a level 2 spell: Passwall
 34966 | Lair:6   | Gained mutation: You resist negative energy. (rN+) [Deep Dwarf growth]
 34966 | Lair:6   | Reached XP level 14. HP: 124/127 MP: 13/27
 35331 | Lair:6   | Reached skill level 1 in Earth Magic
 35443 | Lair:6   | Reached skill level 1 in Transmutations
 35897 | Lair:6   | Reached skill level 10 in Spellcasting
 37312 | Lair:6   | Found a burning altar of Makhleb.
 37717 | Lair:6   | Learned a level 5 spell: Lee's Rapid Deconstruction
 37984 | Lair:6   | Reached skill level 13 in Necromancy
 39738 | D:11     | Upgraded the game from 0.19-a0-978-g9f5ef2c to 0.19-a0-981-gaae9137
 39739 | Orc:1    | Entered Level 1 of the Orcish Mines
 40221 | Orc:1    | Noticed Nergalle
 42064 | Orc:1    | Killed Nergalle
 42064 | Orc:1    | Reached skill level 5 in Earth Magic
 42424 | Orc:2    | Entered Level 2 of the Orcish Mines
 42424 | Orc:2    | Noticed Donald
 42575 | Orc:2    | Found a staircase to the Elven Halls.
 42856 | Orc:2    | Killed Donald
 42861 | Orc:2    | Got a faintly glowing shield {Donald}
 42880 | Orc:1    | Identified the +0 shield of Death's Door {MR+ Str+4} (You took it off Donald on level 2 of the Orcish Mines)
 43263 | Orc:2    | Found Sinuhe's Assorted Antiques.
 43865 | Orc:2    | Found Zostaopu's Book Boutique.
 44078 | Orc:2    | Found a radiant altar of Vehumet.
 44350 | Orc:2    | Found Yfibrokky's Distillery.
 44617 | Orc:2    | Found an ancient bone altar of Kikubaaqudgha.
 44920 | Orc:2    | Found Juwiwoal's Gadget Shop.
 44920 | Orc:2    | Found Risygyma's Antique Armour Boutique.
 44920 | Orc:2    | Found a roughly hewn altar of Beogh.
 44930 | Orc:2    | Reached XP level 15. HP: 132/135 MP: 18/29
 44983 | Orc:2    | Bought a disc of storms for 280 gold pieces
 46639 | D:13     | Upgraded the game from 0.19-a0-981-gaae9137 to 0.19-a0-993-g3130bb9
 47939 | D:13     | Reached skill level 5 in Transmutations
 49047 | D:14     | Found an ancient bone altar of Kikubaaqudgha.
 49453 | D:14     | Noticed a storm dragon
 49464 | D:14     | Killed a storm dragon
 50332 | D:14     | Reached skill level 14 in Necromancy
 51711 | D:14     | Reached skill level 10 in Fighting
 52362 | D:14     | Found a gate to the Vaults.
 52398 | D:14     | Learned a level 4 spell: Petrify
 52442 | D:14     | Got a heavy robe
 52453 | D:14     | Identified the +3 robe of the Armadillo {Stlth+} (You took it off a human on level 14 of the Dungeon)
 52483 | D:15     | Entered Level 15 of the Dungeon
 54153 | D:15     | Reached XP level 16. HP: 129/146 MP: 3/31
 54234 | D:15     | Found a staircase to the Depths.
 54518 | Spider:1 | Entered Level 1 of the Spider Nest
 54801 | Shoals:1 | Entered Level 1 of the Shoals
 57436 | Shoals:1 | Reached skill level 5 in Air Magic
 58957 | Shoals:2 | HP: 7/148 [merfolk impaler/trident of protection (6)]
 59366 | Shoals:3 | Noticed Polyphemus
 59538 | Shoals:3 | Noticed Nikola
 60439 | Depths:1 | Entered Level 1 of the Depths
 61132 | Depths:1 | HP: 7/148 [fire dragon/blast of flame (40)]
 61133 | Depths:1 | Killed from afar by a fire dragon

Vault maps used:
D:1:      sevenhm_arrival_forest_fort_small_4, minmay_door_square,
          hangedman_decor_lopped, minmay_pentomino_u2
D:2:      nicolae_overflow_hidden_temple
D:3:      kennysheep_the_goblin_king, minivault_26, minmay_tree_intersection,
          uniq_sigmund, uniq_robin
D:4:      uniq_edmund
D:5:      first_bread, minmay_stone_trees_large, lemuel_blue_sif_altar
D:6:      uniq_menkaure, uniq_eustachio
D:7:      grunt_ogre_cave, mrwooster_statue_mirror
D:8:      kennysheep_mini, grunt_qazlal_clouds, minmay_lair_entry_grove
D:9:      uniq_joseph
D:10:     serial_shops, nicolae_shop_crystal, grunt_pakellas_mercury
D:11:     lemuel_bear_cage, david_orc_1_choice, nicolae_dithmenos_the_darkroom,
          uniq_erica
D:13:     spider_trap
D:14:     minmay_shoctagon, grunt_vaults_entry_tiered,
          lemuel_mausoleum_altar_kikubaaqudgha
D:15:     grunt_enter_depths_hoard, hangedman_decor_points
Temple:   nicolae_temple_x_marks_the_god
Lair:1:   beast_lair_carwin_11, serial_bayou_shore_a, lemuel_fruit_fields,
          serial_bayou_shore_b, bh_autumn_forest_stairs
Lair:2:   kennysheep_rathole, roderic_batcave, lemuel_fruit_tree,
          grunt_megastairs_5
Lair:3:   kennysheep_abandoned_house, minmay_shoals_entry_centaurs, uniq_rupert
Lair:4:   boulder_quad_collide, spider_nest_entry_web_field, basic_altar,
          nicolae_lair_grove_arrangements, nicolae_quartered_pool_little,
          serial_bayou_lagoon_a, grunt_megastairs_1
Lair:5:   minmay_slime_entry_oklob_open, serial_bayou_shore_b,
          grunt_megastairs_2, infiniplex_staircase_pool
Lair:6:   evil_forest, bobbens_dragon_lair_wall
Shoals:2: st_cyclops
Shoals:3: portal_ice_cave_entry_dragon, nicolae_shoals_arrival_archipelago,
          uniq_nikola, uniq_polyphemus
Spider:1: uniq_agnes
Orc:1:    nicolae_orc_accident_3, nicolae_orc_lava_room, uniq_nergalle
Orc:2:    kennysheep_orc_mage_school, serial_shops, shop, uniq_donald
Depths:1: hell_entry, minmay_misc_feat_columns, special_room, pan_entry,
          minmay_protected_statue, uniq_jorgrun, uniq_asterion

Skill      XL: |  1  2  3  4  5  6  7  8  9 10 11 12 13 14 15 16 |
---------------+-------------------------------------------------+-----
Conjurations   | 1 2 3 4 5 6 7 8 9 10 11 12 | 12.0
Spellcasting   | 3 4 5 6 7 8 9 10 11 | 11.6
Dodging        | 3 4 5 6 7 |  7.9
Necromancy     | 1 4 6 8 10 11 12 13 14 | 14.7
Fighting       | 1 2 3 5 6 7 8 9 10 | 10.8
Evocations     | 2 4 6 8 9 |  9.1
Charms         | 1 3 |  3.0
Air Magic      | 2 3 5 |  5.9
Maces & Flails | 1 4 5 |  5.6
Earth Magic    | 6 8 9 |  9.1
Transmutations | 4 5 6 |  6.8
Stealth        | |  2.4
Summonings     | |  0.8
Translocations | |  1.1

Action                   |  1- 3 |  4- 6 |  7- 9 | 10-12 | 13-15 | 16-18 || total
-------------------------+-------+-------+-------+-------+-------+-------++-------
Melee: Unarmed           |    31 |       |       |       |       |       ||    31
       Spear             |       |    13 |       |       |       |       ||    13
       Mace              |       |    26 |    40 |   145 |   600 |    75 ||   886
 Cast: Magic Dart        |   116 |   195 |   311 |   827 |   509 |     6 ||  1964
       Vampiric Draining |       |    14 |    74 |   176 |   454 |   196 ||   914
       Repel Missiles    |       |       |     1 |     2 |     6 |     4 ||    13
       Bolt of Draining  |       |       |       |    64 |   204 |    44 ||   312
       Dispel Undead     |       |       |       |    43 |    34 |       ||    77
       Throw Icicle      |       |       |       |       |   274 |    36 ||   310
       Lee's Rapid Decon |       |       |       |       |    28 |    26 ||    54
       Passwall          |       |       |       |       |     1 |       ||     1
       Petrify           |       |       |       |       |     4 |    10 ||    14
       Blink             |       |       |       |       |       |     1 ||     1
Invok: Receive Corpses   |       |       |       |     2 |     4 |     2 ||     8
       Receive Necronomi |       |       |       |     1 |       |       ||     1
       Torment           |       |       |       |       |     1 |       ||     1
 Abil: Device Recharging |       |       |       |       |       |     1 ||     1
Evoke: Wand              |     1 |     5 |    12 |    17 |    23 |    11 ||    69
       Disc of storms    |       |       |       |       |     5 |     2 ||     7
       Phantom mirror    |       |       |       |       |       |     1 ||     1
  Use: Potion            |       |     1 |     3 |     1 |     9 |     8 ||    22
       Scroll            |       |    11 |     9 |     9 |    11 |     9 ||    49
 Stab: Sleeping          |       |       |       |     1 |     3 |       ||     4
       Invisible         |       |       |       |       |     3 |       ||     3
       Paralysed         |       |       |       |       |     7 |     5 ||    12
  Eat: Chunk             |     4 |     8 |    10 |    51 |    77 |    16 ||   166
       Fruit             |       |     2 |       |       |    32 |       ||    34
       Meat ration       |       |     1 |       |     2 |     2 |     3 ||     8
       Bread ration      |       |       |     2 |       |       |       ||     2
       Beef jerky        |       |       |     1 |     7 |     6 |     1 ||    15
       Royal jelly       |       |       |       |       |     2 |       ||     2
       Pizza             |       |       |       |       |       |     1 ||     1
Armor: Robe              |     5 |    35 |    69 |   177 |   471 |    78 ||   835
Dodge: Dodged            |    30 |    68 |   123 |   399 |  1002 |   250 ||  1872
       Deflected         |       |       |       |     2 |    46 |    22 ||    70
Block: Other             |       |       |    25 |    64 |   180 |    34 ||   303
       Reflection        |       |       |       |     1 |    15 |     3 ||    19
